Canucks vs Stars

Created - April 7, 2015 at 18:50

Goals
1 2 3 OT1 SO T
Canucks 0 2 2 0 2 5
Stars 0 1 3 0 1 4
Shots
1 2 3 OT1 SO T
Canucks 7 9 12 2 5 30
Stars 7 16 12 1 5 36

1st period

No Goal

Penalties :
Jarome Iginla (DAL) for Holding (Minor) at 2:18, Marek Zidlicky (VAN) for Slashing (Double Minor) at 5:01, P.K. Subban (VAN) for Tripping (Minor) at 10:15, Nazem Kadri (VAN) for Tripping (Minor) at 13:01, Vyacheslav Voynov (DAL) for Hooking (Minor) at 13:10

2nd period

1. Canucks , Ryan Johansen 24 (Claude Giroux, Marek Zidlicky) at 5:55
2. Stars , Evgeni Malkin 28 (Zdeno Chara, Tyler Seguin) at 6:51 (PP)
3. Canucks , Erik Karlsson 23 (Logan Couture, Henrik Lundqvist) at 16:51 (PP)

Penalties :
Erik Karlsson (VAN) for Roughing (Minor) at 1:34, P.K. Subban (VAN) for Holding (Minor) at 6:18, Marek Zidlicky (VAN) for Hooking (Minor) at 10:34, Shea Weber (DAL) for Roughing (Minor) at 15:57

3rd period

4. Canucks , Andrei Markov 9 (Claude Giroux, Erik Karlsson) at 0:48
5. Canucks , Chris Kreider 8 (Marcus Kruger, Alex Pietrangelo) at 4:24
6. Stars , Christopher Higgins 13 (Travis Hamonic, Zdeno Chara) at 12:47 (SH)
7. Stars , Zdeno Chara 25 (Alec Martinez, Jason Spezza) at 16:34 (PP)
8. Stars , Shea Weber 34 (Brandon Dubinsky, Andy Greene) at 17:21

Penalties :
Gabriel Landeskog (DAL) for Hooking (Minor) at 11:44, Marek Zidlicky (VAN) for Roughing (Minor) at 16:14, Brenden Dillon (DAL) for Holding (Minor) at 19:45

Overtime #1

No Goal

Penalties :
No Penalty

Shootout

Penalty Shot by Claude Giroux for Canucks - Goal!
Penalty Shot by Tyler Seguin for Stars - Stopped by Henrik Lundqvist
Penalty Shot by Logan Couture for Canucks - Shot Misses the Net
Penalty Shot by Evgeni Malkin for Stars - Stopped by Henrik Lundqvist
Penalty Shot by Ryan Johansen for Canucks - Stopped by Semyon Varlamov
Penalty Shot by Jarome Iginla for Stars - Goal!
Penalty Shot by Phil Kessel for Canucks - Shot Misses the Net
Penalty Shot by Gabriel Landeskog for Stars - Shot Misses the Net
Penalty Shot by Ryan OReilly for Canucks - Goal!
Penalty Shot by David Backes for Stars - Stopped by Henrik Lundqvist

Penalties :
No Penalty

Goalie Stats

Henrik Lundqvist (VAN), 32 saves from 36 shots - (0.889), W, 40-20-5, 65:00 minutes
Semyon Varlamov (DAL), 26 saves from 30 shots - (0.867), OTL, 37-20-8, 65:00 minutes

Players Stats for Canucks

Player Name              G  A  P  +/- PIM S  H  SB GA TA FO     MP     PP MP  PK MP  
------------------------------------------------------------------------------------
Adam Henrique            0  0  0   2  0   2  1  0  0  0  8/14   22:11   0:00   3:47 
Alex Pietrangelo         0  1  1   1  0   2  0  2  0  0  0/0    21:48   1:34   5:07 
Andrei Markov            1  0  1   0  0   4  0  0  0  0  0/0    22:51   0:00   5:07 
Brent Burns              0  0  0   0  0   1  4  0  0  0  0/2    17:21   2:50   0:07 
Chris Kreider            1  0  1   1  0   1  0  0  0  0  0/0     7:14   0:00   0:00 
Claude Giroux            0  2  2   1  0   2  0  0  0  0  11/25  17:41   2:25   0:18 
Erik Karlsson            1  1  2  -1  2   3  1  2  0  0  0/0    20:07   3:41   1:27 
Jimmy Hayes              0  0  0   1  0   0  0  0  0  0  0/0     2:06   0:00   0:00 
Jonas Brodin             0  0  0   1  0   0  0  1  0  0  0/0    21:10   0:00   5:51 
Logan Couture            0  1  1  -1  0   1  3  0  0  0  9/24   23:51   2:50   7:11 
Marcus Kruger            0  1  1   1  0   1  1  2  0  0  8/24   12:12   0:00   6:53 
Marek Zidlicky           0  1  1   1  8   1  3  1  0  0  0/0    16:39   1:34   0:00 
Nazem Kadri              0  0  0   0  2   0  0  0  0  0  4/14   13:08   0:00   0:00 
P.K. Subban              0  0  0   0  4   4  2  1  0  0  0/0    23:03   3:41   4:17 
Phil Kessel              0  0  0  -2  0   2  0  1  0  0  0/2    16:15   2:25   0:00 
Ryan Johansen            1  0  1   1  0   2  0  1  0  0  1/1    17:34   2:25   0:00 
Ryan OReilly             0  0  0  -1  0   3  0  0  0  0  1/2    20:51   2:50   3:47 
Ryane Clowe              0  0  0   0  0   1  0  0  0  0  1/1    11:03   0:00   0:00 

Players Stats for Stars

Player Name              G  A  P  +/- PIM S  H  SB GA TA FO     MP     PP MP  PK MP  
------------------------------------------------------------------------------------
Alec Martinez            0  1  1   0  0   2  0  0  0  0  0/0    11:03   7:16   0:00 
Andy Greene              0  1  1   1  0   0  0  1  0  0  0/0    21:40   0:00   4:22 
Brandon Dubinsky         0  1  1   0  0   2  2  0  0  0  0/0    18:06   5:37   0:00 
Brenden Dillon           0  0  0   0  2   0  1  0  0  0  0/0     8:25   0:00   0:30 
Christopher Higgins      1  0  1   1  0   3  0  0  0  0  1/2    15:25   0:00   4:37 
David Backes             0  0  0   1  0   2  4  0  0  0  20/32  18:15   0:00   6:00 
Eric Staal               0  0  0  -1  0   3  0  0  0  0  2/4    24:01   5:21   1:00 
Evgeni Malkin            1  0  1  -1  0   4  0  0  0  0  18/32  22:30   5:37   0:00 
Gabriel Landeskog        0  0  0  -1  2   4  1  0  0  0  0/3    14:52   0:00   0:38 
Jarome Iginla            0  0  0  -1  2   2  1  1  0  0  0/1    22:42   5:21   0:00 
Jarret Stoll             0  0  0   0  0   0  0  0  0  0  0/0     1:59   0:00   0:00 
Jason Spezza             0  1  1  -1  0   1  1  1  0  0  24/34  20:48   5:21   0:00 
John Erskine             0  0  0   0  0   0  0  1  0  0  0/0     3:47   0:00   0:00 
Shea Weber               1  0  1   1  2   5  0  0  0  0  0/0    25:08   3:42   4:09 
Travis Hamonic           0  1  1  -2  0   1  1  2  0  0  0/0    20:39   0:00   2:38 
Tyler Seguin             0  1  1  -1  0   4  0  0  0  0  1/1    22:30   5:37   0:00 
Vyacheslav Voynov        0  0  0   0  2   1  1  0  0  0  0/0    11:49   3:41   0:12 
Zdeno Chara              1  2  3  -2  0   2  2  0  0  0  0/0    27:26   7:16   2:09 

3 Stars

1 - Zdeno Chara (DAL)
2 - Ryan Johansen (VAN)
3 - Chris Kreider (VAN)

Power Play

Canucks - 1 on 5 Attempt(s) - 20.00%
Stars - 2 on 8 Attempt(s) - 25.00%

Penalty Kill

Canucks - 6 on 8 Attempt(s) - 75.00% - Score 0 goal in Penalty Kill
Stars - 4 on 5 Attempt(s) - 80.00% - Score 1 goal in Penalty Kill

Team Stat

Canucks - Hits : 15 - Faceoff Wins : 43 - Blocked Shots : 11 - Penalty Minutes : 16
Stars - Hits : 14 - Faceoff Wins : 66 - Blocked Shots : 6 - Penalty Minutes : 10

Official

Referees : Justin StPierre and Wes McCauley
Linesman : Brian Murphy and Jean Morin

Game Notes

No Game Note

Finance

Level 1 -- Attendance: 6000 (100.00%) -- Ticket Income $612,000
Level 2 -- Attendance: 4991 (99.82%) -- Ticket Income $374,325
Level 3 -- Attendance: 2000 (100.00%) -- Ticket Income $110,000
Level 4 -- Attendance: 2022 (44.62%) -- Ticket Income $90,990
Luxury Box -- Attendance: 921 (92.10%) -- Ticket Income $184,200
Game was played at the American Airlines Center'
Total Attendance: 15934 (85.98%)
Total Ticket Income: $1,371,515
Other Income: $205,727
Total Income: $1,577,242

% Time on Ice - Canucks

Lines # - Real PCT - Wanted PCT - Time Play
Normal Forward
1 - 36% - 34% - 14:58
2 - 33% - 31% - 13:50
3 - 26% - 25% - 11:03
4 - 5% - 10% - 2:06
Normal Defense
1 - 36% - 36% - 15:07
2 - 34% - 35% - 14:12
3 - 28% - 29% - 11:50
4 - 2% - 0% - 0:48
PP Forward
1 - 46% - 60% - 2:25
2 - 54% - 40% - 2:50
PP Defense
1 - 70% - 62% - 3:41
2 - 30% - 38% - 1:34
PK Forward
1 - 66% - 60% - 7:11
2 - 34% - 40% - 3:47
PK Defense
1 - 47% - 50% - 5:07
2 - 53% - 50% - 5:51
PK3 Forward
1 - 0% - 60%
2 - 0% - 40%
PK3 Defense
1 - 0% - 60%
2 - 0% - 40%
44 Forward
1 - 53% - 52% - 3:37
2 - 47% - 48% - 3:13
44 Defense
1 - 48% - 51% - 3:18
2 - 52% - 49% - 3:32
Last Minute Offensive  - 0:00
Last Minute Defensive  - 0:00
Total
Forward - 65:00
Defense - 65:00

% Time on Ice - Stars

Lines # - Real PCT - Wanted PCT - Time Play
Normal Forward
1 - 37% - 33% - 15:27
2 - 34% - 32% - 14:15
3 - 24% - 25% - 10:16
4 - 5% - 10% - 1:59
Normal Defense
1 - 35% - 34% - 14:51
2 - 37% - 34% - 15:23
3 - 19% - 20% - 7:56
4 - 9% - 12% - 3:47
PP Forward
1 - 51% - 58% - 5:37
2 - 49% - 42% - 5:21
PP Defense
1 - 66% - 55% - 7:16
2 - 34% - 45% - 3:42
PK Forward
1 - 88% - 60% - 4:37
2 - 12% - 40% - 0:38
PK Defense
1 - 59% - 58% - 3:06
2 - 41% - 42% - 2:09
PK3 Forward
1 - 79% - 56% - 1:23
2 - 21% - 44% - 0:22
PK3 Defense
1 - 72% - 60% - 1:16
2 - 28% - 40% - 0:29
44 Forward
1 - 62% - 60% - 3:10
2 - 38% - 40% - 1:55
44 Defense
1 - 48% - 60% - 2:27
2 - 52% - 40% - 2:38
Last Minute Offensive  - 0:00
Last Minute Defensive  - 0:00
Total
Forward - 65:00
Defense - 65:00

Play by Play

1st period


0:01 of 1st period - Jason Spezza wins face-off versus Claude Giroux in neutral zone.
0:03 of 1st period - Andy Greene is hit by P.K. Subban and loses puck.
0:19 of 1st period - Off-side.
0:20 of 1st period - Logan Couture wins face-off versus Evgeni Malkin in neutral zone.
0:20 of 1st period - Logan Couture is hit by Gabriel Landeskog.
0:42 of 1st period - Phil Kessel is hit by Travis Hamonic and loses puck.
1:01 of 1st period - Shot by Ryan OReilly.
1:01 of 1st period - Stopped by Semyon Varlamov without a rebound.
1:02 of 1st period - David Backes wins face-off versus Nazem Kadri in Stars zone.
1:11 of 1st period - Shot by Christopher Higgins.
1:11 of 1st period - Shot Misses the Net.
1:13 of 1st period - Shot by David Backes.
1:13 of 1st period - Stopped by Henrik Lundqvist without a rebound.
1:14 of 1st period - Jason Spezza wins face-off versus Marcus Kruger in Canucks zone.
1:29 of 1st period - Shot by Eric Staal.
1:29 of 1st period - Stopped by Henrik Lundqvist without a rebound.
1:30 of 1st period - David Backes wins face-off versus Claude Giroux in Canucks zone.
1:39 of 1st period - Shot by Claude Giroux.
1:39 of 1st period - Shot Misses the Net.
1:55 of 1st period - Shot by Jonas Brodin.
1:55 of 1st period - Shot Misses the Net.
1:57 of 1st period - Shot by Marek Zidlicky.
1:57 of 1st period - Stopped by Semyon Varlamov without a rebound.
1:58 of 1st period - Nazem Kadri wins face-off versus Jason Spezza in Stars zone.
1:58 of 1st period - Nazem Kadri is hit by Vyacheslav Voynov.
2:07 of 1st period - Jason Spezza is hit by Brent Burns.
2:18 of 1st period - Minor Penalty to Jarome Iginla for Holding.
2:19 of 1st period - Claude Giroux wins face-off versus David Backes in Stars zone.
2:32 of 1st period - Shot by Claude Giroux.
2:32 of 1st period - Shot Hit the Post.
2:34 of 1st period - Shot by Phil Kessel.
2:34 of 1st period - Shot Misses the Net.
2:36 of 1st period - Shot by P.K. Subban.
2:36 of 1st period - Stopped by Semyon Varlamov with a rebound.
2:38 of 1st period - Shot by P.K. Subban.
2:38 of 1st period - Stopped by Semyon Varlamov without a rebound.
2:39 of 1st period - David Backes wins face-off versus Logan Couture in Stars zone.
2:39 of 1st period - David Backes is hit by Brent Burns.
2:56 of 1st period - Shot by Eric Staal.
2:56 of 1st period - Shot Blocked by Marek Zidlicky.
3:45 of 1st period - Icing by P.K. Subban.
3:46 of 1st period - Eric Staal wins face-off versus Claude Giroux in Canucks zone.
3:47 of 1st period - Shot by Gabriel Landeskog.
3:47 of 1st period - Shot Misses the Net.
3:49 of 1st period - Shot by Gabriel Landeskog.
3:49 of 1st period - Stopped by Henrik Lundqvist without a rebound.
3:50 of 1st period - Claude Giroux wins face-off versus David Backes in Canucks zone.
3:50 of 1st period - Claude Giroux is hit by David Backes.
4:34 of 1st period - Icing by Marek Zidlicky.
4:35 of 1st period - Jason Spezza wins face-off versus Marcus Kruger in Canucks zone.
4:59 of 1st period - Eric Staal is hit by Marek Zidlicky and loses puck.
5:01 of 1st period - Double Minor Penalty to Marek Zidlicky for Slashing.
5:02 of 1st period - Evgeni Malkin wins face-off versus Marcus Kruger in Canucks zone.
5:07 of 1st period - Shot by Shea Weber.
5:07 of 1st period - Stopped by Henrik Lundqvist without a rebound.
5:08 of 1st period - Evgeni Malkin wins face-off versus Marcus Kruger in Canucks zone.
6:40 of 1st period - Icing by Vyacheslav Voynov.
6:41 of 1st period - Jason Spezza wins face-off versus Marcus Kruger in Stars zone.
6:41 of 1st period - Shea Weber is hit by Logan Couture and loses puck.
7:23 of 1st period - Icing by Brandon Dubinsky.
7:24 of 1st period - Marcus Kruger wins face-off versus Evgeni Malkin in Stars zone.
7:29 of 1st period - Shot by Logan Couture.
7:29 of 1st period - Stopped by Semyon Varlamov without a rebound.
7:30 of 1st period - Evgeni Malkin wins face-off versus Adam Henrique in Stars zone.
7:34 of 1st period - Icing by Tyler Seguin.
7:35 of 1st period - Tyler Seguin wins face-off versus Marcus Kruger in Stars zone.
7:35 of 1st period - Tyler Seguin is hit by Logan Couture.
7:58 of 1st period - Icing by Alec Martinez.
7:59 of 1st period - Evgeni Malkin wins face-off versus Marcus Kruger in Stars zone.
8:05 of 1st period - Alec Martinez is hit by Marcus Kruger and loses puck.
10:15 of 1st period - Minor Penalty to P.K. Subban for Tripping.
10:16 of 1st period - Marcus Kruger wins face-off versus Jason Spezza in Canucks zone.
10:22 of 1st period - Icing by Zdeno Chara.
10:23 of 1st period - Marcus Kruger wins face-off versus Jason Spezza in Stars zone.
10:35 of 1st period - Icing by Zdeno Chara.
10:36 of 1st period - Jason Spezza wins face-off versus Marcus Kruger in Stars zone.
10:41 of 1st period - Shot by Eric Staal.
10:41 of 1st period - Shot Misses the Net.
11:01 of 1st period - Shot by Alec Martinez.
11:01 of 1st period - Stopped by Henrik Lundqvist without a rebound.
11:02 of 1st period - Adam Henrique wins face-off versus Evgeni Malkin in Canucks zone.
11:11 of 1st period - Shot by Evgeni Malkin.
11:11 of 1st period - Stopped by Henrik Lundqvist without a rebound.
11:12 of 1st period - Jason Spezza wins face-off versus Marcus Kruger in Canucks zone.
12:08 of 1st period - Icing by Eric Staal.
12:09 of 1st period - Adam Henrique wins face-off versus Jason Spezza in Stars zone.
13:01 of 1st period - Minor Penalty to Nazem Kadri for Tripping.
13:02 of 1st period - Marcus Kruger wins face-off versus Jason Spezza in Canucks zone.
13:10 of 1st period - Minor Penalty to Vyacheslav Voynov for Hooking.
13:11 of 1st period - Adam Henrique wins face-off versus Evgeni Malkin in Stars zone.
13:40 of 1st period - Shot by Chris Kreider.
13:40 of 1st period - Deflect By Adam Henrique.
13:40 of 1st period - Stopped by Semyon Varlamov without a rebound.
13:41 of 1st period - Marcus Kruger wins face-off versus Eric Staal in Stars zone.
14:08 of 1st period - Shot by Brent Burns.
14:08 of 1st period - Shot Misses the Net.
15:47 of 1st period - Logan Couture is hit by Brenden Dillon and loses puck.
17:12 of 1st period - Off-side.
17:13 of 1st period - Jason Spezza wins face-off versus Brent Burns in neutral zone.
18:35 of 1st period - Icing by Andy Greene.
18:36 of 1st period - David Backes wins face-off versus Claude Giroux in Stars zone.
19:18 of 1st period - Shot by Claude Giroux.
19:18 of 1st period - Stopped by Semyon Varlamov with a rebound.
19:38 of 1st period - Shot by Gabriel Landeskog.
19:38 of 1st period - Stopped by Henrik Lundqvist without a rebound.
19:39 of 1st period - Jason Spezza wins face-off versus Logan Couture in Canucks zone.
Goals for this period are 0 for Canucks vs 0 for Stars.
Shots for this period are 7 for Canucks vs 7 for Stars.

2nd period


0:01 of 2nd period - Logan Couture wins face-off versus Jason Spezza in neutral zone.
0:06 of 2nd period - Shot by Erik Karlsson.
0:06 of 2nd period - Shot Misses the Net.
0:13 of 2nd period - Eric Staal is hit by Erik Karlsson and loses puck.
0:44 of 2nd period - Shot by Jason Spezza.
0:44 of 2nd period - Shot Hit the Post.
0:46 of 2nd period - Shot by Zdeno Chara.
0:46 of 2nd period - Stopped by Henrik Lundqvist without a rebound.
0:47 of 2nd period - Adam Henrique wins face-off versus Evgeni Malkin in Canucks zone.
1:11 of 2nd period - Shot by Tyler Seguin.
1:11 of 2nd period - Shot Misses the Net.
1:13 of 2nd period - Shot by Shea Weber.
1:13 of 2nd period - Shot Blocked by Ryan Johansen.
1:15 of 2nd period - Shot by Shea Weber.
1:15 of 2nd period - Shot Blocked by Alex Pietrangelo.
1:17 of 2nd period - Shot by Andy Greene.
1:17 of 2nd period - Shot Blocked by P.K. Subban.
1:19 of 2nd period - Shot by Andy Greene.
1:19 of 2nd period - Shot Misses the Net.
1:21 of 2nd period - Shot by Evgeni Malkin.
1:21 of 2nd period - Stopped by Henrik Lundqvist without a rebound.
1:22 of 2nd period - David Backes wins face-off versus Brent Burns in Canucks zone.
1:27 of 2nd period - Shot by Brandon Dubinsky.
1:27 of 2nd period - Stopped by Henrik Lundqvist without a rebound.
1:28 of 2nd period - Jason Spezza wins face-off versus Logan Couture in Canucks zone.
1:29 of 2nd period - Shot by Eric Staal.
1:29 of 2nd period - Stopped by Henrik Lundqvist without a rebound.
1:30 of 2nd period - Jason Spezza wins face-off versus Logan Couture in Canucks zone.
1:34 of 2nd period - Minor Penalty to Erik Karlsson for Roughing.
1:35 of 2nd period - Marcus Kruger wins face-off versus Evgeni Malkin in Canucks zone.
1:41 of 2nd period - Icing by Brandon Dubinsky.
1:42 of 2nd period - Marcus Kruger wins face-off versus Evgeni Malkin in Stars zone.
3:17 of 2nd period - Shot by Eric Staal.
3:17 of 2nd period - Shot Blocked by Marcus Kruger.
3:19 of 2nd period - Shot by Vyacheslav Voynov.
3:19 of 2nd period - Stopped by Henrik Lundqvist without a rebound.
3:20 of 2nd period - Evgeni Malkin wins face-off versus Adam Henrique in Canucks zone.
3:23 of 2nd period - Shot by Brandon Dubinsky.
3:23 of 2nd period - Stopped by Henrik Lundqvist with a rebound.
3:59 of 2nd period - Shot by David Backes.
3:59 of 2nd period - Shot Misses the Net.
4:03 of 2nd period - Shot by Christopher Higgins.
4:03 of 2nd period - Stopped by Henrik Lundqvist without a rebound.
4:04 of 2nd period - Jason Spezza wins face-off versus Claude Giroux in Canucks zone.
4:09 of 2nd period - Shot by Jason Spezza.
4:09 of 2nd period - Stopped by Henrik Lundqvist with a rebound.
4:14 of 2nd period - Off-side.
4:15 of 2nd period - Evgeni Malkin wins face-off versus Claude Giroux in neutral zone.
4:25 of 2nd period - Shot by Tyler Seguin.
4:25 of 2nd period - Shot Blocked by Jonas Brodin.
4:27 of 2nd period - Shot by Travis Hamonic.
4:27 of 2nd period - Stopped by Henrik Lundqvist without a rebound.
4:28 of 2nd period - Jason Spezza wins face-off versus Logan Couture in Canucks zone.
4:41 of 2nd period - Shot by Phil Kessel.
4:41 of 2nd period - Shot Misses the Net.
5:07 of 2nd period - Shot by Logan Couture.
5:07 of 2nd period - Shot Misses the Net.
5:53 of 2nd period - Shot by Claude Giroux.
5:53 of 2nd period - Shot Misses the Net.
5:55 of 2nd period - Shot by Ryan Johansen.
5:55 of 2nd period - Goal by Ryan Johansen - Canucks : 1 - Stars : 0.
5:56 of 2nd period - David Backes wins face-off versus Nazem Kadri in neutral zone.
6:05 of 2nd period - Shot by Christopher Higgins.
6:05 of 2nd period - Stopped by Henrik Lundqvist without a rebound.
6:06 of 2nd period - Evgeni Malkin wins face-off versus Marcus Kruger in Canucks zone.
6:13 of 2nd period - Shot by Tyler Seguin.
6:13 of 2nd period - Deflect By Evgeni Malkin.
6:13 of 2nd period - Shot Misses the Net.
6:18 of 2nd period - Minor Penalty to P.K. Subban for Holding.
6:19 of 2nd period - Evgeni Malkin wins face-off versus Marcus Kruger in Canucks zone.
6:51 of 2nd period - Shot by Evgeni Malkin.
6:51 of 2nd period - Goal by Evgeni Malkin - Canucks : 1 - Stars : 1.
6:52 of 2nd period - Jason Spezza wins face-off versus Claude Giroux in neutral zone.
7:11 of 2nd period - Icing by Andy Greene.
7:12 of 2nd period - Jason Spezza wins face-off versus Phil Kessel in Stars zone.
7:16 of 2nd period - Off-side.
7:17 of 2nd period - Adam Henrique wins face-off versus Gabriel Landeskog in neutral zone.
7:21 of 2nd period - Ryan Johansen is hit by Zdeno Chara.
7:58 of 2nd period - Icing by Zdeno Chara.
7:59 of 2nd period - Evgeni Malkin wins face-off versus Logan Couture in Stars zone.
8:07 of 2nd period - Icing by Alex Pietrangelo.
8:08 of 2nd period - Ryan OReilly wins face-off versus Jason Spezza in Canucks zone.
8:51 of 2nd period - Shot by Logan Couture.
8:51 of 2nd period - Shot Blocked by Andy Greene.
8:55 of 2nd period - Shot by Ryan OReilly.
8:55 of 2nd period - Stopped by Semyon Varlamov without a rebound.
8:56 of 2nd period - Evgeni Malkin wins face-off versus Claude Giroux in Stars zone.
8:58 of 2nd period - Icing by Zdeno Chara.
8:59 of 2nd period - Claude Giroux wins face-off versus Evgeni Malkin in Stars zone.
8:59 of 2nd period - Claude Giroux is hit by Zdeno Chara.
9:13 of 2nd period - Shot by Tyler Seguin.
9:13 of 2nd period - Stopped by Henrik Lundqvist without a rebound.
9:14 of 2nd period - Nazem Kadri wins face-off versus David Backes in Canucks zone.
9:14 of 2nd period - Nazem Kadri is hit by Brandon Dubinsky.
9:58 of 2nd period - Nazem Kadri is hit by David Backes and loses puck.
10:30 of 2nd period - Jason Spezza is hit by Marek Zidlicky and loses puck.
10:34 of 2nd period - Minor Penalty to Marek Zidlicky for Hooking.
10:35 of 2nd period - Marcus Kruger wins face-off versus Evgeni Malkin in Canucks zone.
10:50 of 2nd period - Shot by Evgeni Malkin.
10:50 of 2nd period - Shot Blocked by Marcus Kruger.
11:11 of 2nd period - Icing by Zdeno Chara.
11:12 of 2nd period - Adam Henrique wins face-off versus Evgeni Malkin in Stars zone.
11:17 of 2nd period - Shot by Jonas Brodin.
11:17 of 2nd period - Shot Misses the Net.
12:12 of 2nd period - Icing by Jarome Iginla.
12:13 of 2nd period - Adam Henrique wins face-off versus Eric Staal in Stars zone.
12:35 of 2nd period - Jason Spezza is hit by Brent Burns.
12:47 of 2nd period - Shot by Ryane Clowe.
12:47 of 2nd period - Stopped by Semyon Varlamov with a rebound.
12:49 of 2nd period - Shot by Erik Karlsson.
12:49 of 2nd period - Shot Misses the Net.
12:51 of 2nd period - Shot by Brent Burns.
12:51 of 2nd period - Stopped by Semyon Varlamov without a rebound.
12:52 of 2nd period - Claude Giroux wins face-off versus Evgeni Malkin in Stars zone.
12:56 of 2nd period - Icing by Evgeni Malkin.
12:57 of 2nd period - Logan Couture wins face-off versus Evgeni Malkin in Stars zone.
13:04 of 2nd period - Shot by Logan Couture.
13:04 of 2nd period - Shot Misses the Net.
13:16 of 2nd period - Gabriel Landeskog is hit by P.K. Subban and loses puck.
13:31 of 2nd period - Shot by Evgeni Malkin.
13:31 of 2nd period - Shot Blocked by Phil Kessel.
14:10 of 2nd period - Shot by Eric Staal.
14:10 of 2nd period - Stopped by Henrik Lundqvist without a rebound.
14:11 of 2nd period - Ryane Clowe wins face-off versus David Backes in Canucks zone.
14:22 of 2nd period - Icing by Nazem Kadri.
14:23 of 2nd period - Jason Spezza wins face-off versus Nazem Kadri in Canucks zone.
15:04 of 2nd period - Shot by Brent Burns.
15:04 of 2nd period - Shot Misses the Net.
15:06 of 2nd period - Shot by Andrei Markov.
15:06 of 2nd period - Shot Blocked by Jason Spezza.
15:08 of 2nd period - Shot by Andrei Markov.
15:08 of 2nd period - Stopped by Semyon Varlamov with a rebound.
15:40 of 2nd period - Shot by Jonas Brodin.
15:40 of 2nd period - Deflect By Ryan Johansen.
15:40 of 2nd period - Stopped by Semyon Varlamov with a rebound.
15:42 of 2nd period - Shot by Jonas Brodin.
15:42 of 2nd period - Shot Misses the Net.
15:57 of 2nd period - Minor Penalty to Shea Weber for Roughing.
15:58 of 2nd period - Logan Couture wins face-off versus David Backes in Stars zone.
16:15 of 2nd period - Shot by Erik Karlsson.
16:15 of 2nd period - Stopped by Semyon Varlamov without a rebound.
16:16 of 2nd period - Claude Giroux wins face-off versus David Backes in Stars zone.
16:23 of 2nd period - Shot by Alex Pietrangelo.
16:23 of 2nd period - Stopped by Semyon Varlamov without a rebound.
16:24 of 2nd period - David Backes wins face-off versus Ryan OReilly in Stars zone.
16:51 of 2nd period - Shot by Erik Karlsson.
16:51 of 2nd period - Goal by Erik Karlsson - Canucks : 2 - Stars : 1.
16:52 of 2nd period - Claude Giroux wins face-off versus Evgeni Malkin in neutral zone.
17:30 of 2nd period - Off-side.
17:31 of 2nd period - Jason Spezza wins face-off versus Logan Couture in neutral zone.
17:31 of 2nd period - Eric Staal is hit by Logan Couture and loses puck.
19:02 of 2nd period - Christopher Higgins is hit by Adam Henrique.
19:28 of 2nd period - Shot by Gabriel Landeskog.
19:28 of 2nd period - Deflect By Tyler Seguin.
19:28 of 2nd period - Stopped by Henrik Lundqvist without a rebound.
19:29 of 2nd period - Evgeni Malkin wins face-off versus Nazem Kadri in Canucks zone.
19:32 of 2nd period - Shot by Tyler Seguin.
19:32 of 2nd period - Deflect By Gabriel Landeskog.
19:32 of 2nd period - Shot Misses the Net.
19:34 of 2nd period - Shot by Tyler Seguin.
19:34 of 2nd period - Deflect By Gabriel Landeskog.
19:34 of 2nd period - Stopped by Henrik Lundqvist with a rebound.
19:36 of 2nd period - Shot by Gabriel Landeskog.
19:36 of 2nd period - Stopped by Henrik Lundqvist without a rebound.
19:37 of 2nd period - Jason Spezza wins face-off versus Nazem Kadri in Canucks zone.
19:37 of 2nd period - Travis Hamonic is hit by Marek Zidlicky and loses puck.
Goals for this period are 2 for Canucks vs 1 for Stars.
Shots for this period are 9 for Canucks vs 16 for Stars.

3rd period


0:01 of 3rd period - Logan Couture wins face-off versus Gabriel Landeskog in neutral zone.
0:14 of 3rd period - Shot by Phil Kessel.
0:14 of 3rd period - Shot Misses the Net.
0:30 of 3rd period - Shot by Evgeni Malkin.
0:30 of 3rd period - Stopped by Henrik Lundqvist without a rebound.
0:31 of 3rd period - Ryan Johansen wins face-off versus David Backes in Canucks zone.
0:31 of 3rd period - Claude Giroux is hit by David Backes and loses puck.
0:36 of 3rd period - Shot by David Backes.
0:36 of 3rd period - Shot Misses the Net.
0:48 of 3rd period - Shot by Andrei Markov.
0:48 of 3rd period - Goal by Andrei Markov - Canucks : 3 - Stars : 1.
0:49 of 3rd period - Nazem Kadri wins face-off versus Jason Spezza in neutral zone.
1:31 of 3rd period - Icing by Ryane Clowe.
1:32 of 3rd period - Evgeni Malkin wins face-off versus Nazem Kadri in Canucks zone.
1:58 of 3rd period - Icing by Tyler Seguin.
1:59 of 3rd period - Evgeni Malkin wins face-off versus Phil Kessel in Stars zone.
2:20 of 3rd period - Shot by Ryan OReilly.
2:20 of 3rd period - Stopped by Semyon Varlamov with a rebound.
2:32 of 3rd period - Shot by Ryan OReilly.
2:32 of 3rd period - Shot Blocked by Travis Hamonic.
2:34 of 3rd period - Shot by Andrei Markov.
2:34 of 3rd period - Stopped by Semyon Varlamov without a rebound.
2:35 of 3rd period - Claude Giroux wins face-off versus David Backes in Stars zone.
3:51 of 3rd period - Shot by Ryan OReilly.
3:51 of 3rd period - Shot Misses the Net.
3:53 of 3rd period - Shot by Andrei Markov.
3:53 of 3rd period - The goal is going for a video replay.
3:53 of 3rd period - The goal is refused.
3:54 of 3rd period - Jason Spezza wins face-off versus Marcus Kruger in Stars zone.
4:22 of 3rd period - Shot by Marcus Kruger.
4:22 of 3rd period - Shot Misses the Net.
4:24 of 3rd period - Shot by Chris Kreider.
4:24 of 3rd period - Goal by Chris Kreider - Canucks : 4 - Stars : 1.
4:25 of 3rd period - Evgeni Malkin wins face-off versus Logan Couture in neutral zone.
4:51 of 3rd period - Icing by Andrei Markov.
4:52 of 3rd period - Logan Couture wins face-off versus Jarome Iginla in Canucks zone.
4:52 of 3rd period - Logan Couture is hit by Jarome Iginla.
4:58 of 3rd period - Shot by Phil Kessel.
4:58 of 3rd period - Shot Blocked by Travis Hamonic.
5:07 of 3rd period - Icing by Andrei Markov.
5:08 of 3rd period - Logan Couture wins face-off versus Gabriel Landeskog in Canucks zone.
5:35 of 3rd period - Shot by Shea Weber.
5:35 of 3rd period - Stopped by Henrik Lundqvist without a rebound.
5:36 of 3rd period - Claude Giroux wins face-off versus Jason Spezza in Canucks zone.
5:59 of 3rd period - Shot by Claude Giroux.
5:59 of 3rd period - Shot Misses the Net.
6:01 of 3rd period - Shot by Claude Giroux.
6:01 of 3rd period - Shot Blocked by Jarome Iginla.
6:32 of 3rd period - Adam Henrique is hit by Jason Spezza and loses puck.
6:38 of 3rd period - Off-side.
6:39 of 3rd period - David Backes wins face-off versus Logan Couture in neutral zone.
7:05 of 3rd period - Icing by Andy Greene.
7:06 of 3rd period - David Backes wins face-off versus Nazem Kadri in Stars zone.
7:19 of 3rd period - Shot by Brandon Dubinsky.
7:19 of 3rd period - Shot Misses the Net.
7:42 of 3rd period - Shot by Erik Karlsson.
7:42 of 3rd period - Shot Hit the Post.
7:45 of 3rd period - Icing by Andy Greene.
7:46 of 3rd period - David Backes wins face-off versus Logan Couture in Stars zone.
8:01 of 3rd period - Shot by Tyler Seguin.
8:01 of 3rd period - Stopped by Henrik Lundqvist without a rebound.
8:02 of 3rd period - Evgeni Malkin wins face-off versus Claude Giroux in Canucks zone.
9:56 of 3rd period - Icing by Marek Zidlicky.
9:57 of 3rd period - David Backes wins face-off versus Logan Couture in Canucks zone.
10:18 of 3rd period - Logan Couture is hit by Brandon Dubinsky and loses puck.
11:06 of 3rd period - Icing by Andrei Markov.
11:07 of 3rd period - Claude Giroux wins face-off versus Jason Spezza in Canucks zone.
11:28 of 3rd period - Shot by Jarome Iginla.
11:28 of 3rd period - Stopped by Henrik Lundqvist without a rebound.
11:29 of 3rd period - Nazem Kadri wins face-off versus Evgeni Malkin in Canucks zone.
11:31 of 3rd period - Icing by P.K. Subban.
11:32 of 3rd period - Evgeni Malkin wins face-off versus Nazem Kadri in Canucks zone.
11:43 of 3rd period - Shot by Gabriel Landeskog.
11:43 of 3rd period - Shot Misses the Net.
11:44 of 3rd period - Minor Penalty to Gabriel Landeskog for Hooking.
11:45 of 3rd period - David Backes wins face-off versus Claude Giroux in Stars zone.
11:51 of 3rd period - Icing by Erik Karlsson.
11:52 of 3rd period - David Backes wins face-off versus Claude Giroux in Canucks zone.
12:03 of 3rd period - Shot by Erik Karlsson.
12:03 of 3rd period - Stopped by Semyon Varlamov without a rebound.
12:04 of 3rd period - Logan Couture wins face-off versus David Backes in Stars zone.
12:13 of 3rd period - Shot by P.K. Subban.
12:13 of 3rd period - Stopped by Semyon Varlamov without a rebound.
12:14 of 3rd period - Claude Giroux wins face-off versus David Backes in Stars zone.
12:17 of 3rd period - Shot by Phil Kessel.
12:17 of 3rd period - Stopped by Semyon Varlamov with a rebound.
12:19 of 3rd period - Shot by Phil Kessel.
12:19 of 3rd period - Stopped by Semyon Varlamov without a rebound.
12:20 of 3rd period - Christopher Higgins wins face-off versus Logan Couture in Stars zone.
12:33 of 3rd period - Shot by P.K. Subban.
12:33 of 3rd period - Stopped by Semyon Varlamov without a rebound.
12:34 of 3rd period - David Backes wins face-off versus Claude Giroux in Stars zone.
12:45 of 3rd period - Shot by Christopher Higgins.
12:45 of 3rd period - Shot Misses the Net.
12:47 of 3rd period - Shot by Christopher Higgins.
12:47 of 3rd period - Goal by Christopher Higgins - Canucks : 4 - Stars : 2.
12:48 of 3rd period - Logan Couture wins face-off versus Christopher Higgins in neutral zone.
13:19 of 3rd period - Shot by Alex Pietrangelo.
13:19 of 3rd period - Stopped by Semyon Varlamov without a rebound.
13:20 of 3rd period - Claude Giroux wins face-off versus David Backes in Stars zone.
13:41 of 3rd period - Shot by Ryan Johansen.
13:41 of 3rd period - Shot Misses the Net.
14:05 of 3rd period - Icing by Brenden Dillon.
14:06 of 3rd period - Jason Spezza wins face-off versus Nazem Kadri in Stars zone.
14:31 of 3rd period - Shot by Jason Spezza.
14:31 of 3rd period - Shot Misses the Net.
14:33 of 3rd period - Shot by Jarome Iginla.
14:33 of 3rd period - Shot Blocked by Erik Karlsson.
14:35 of 3rd period - Shot by Jarome Iginla.
14:35 of 3rd period - Shot Misses the Net.
14:39 of 3rd period - Shot by Eric Staal.
14:39 of 3rd period - Shot Misses the Net.
14:43 of 3rd period - Shot by Jarome Iginla.
14:43 of 3rd period - Stopped by Henrik Lundqvist with a rebound.
15:01 of 3rd period - Shot by Evgeni Malkin.
15:01 of 3rd period - Shot Blocked by Alex Pietrangelo.
15:09 of 3rd period - Shot by Gabriel Landeskog.
15:09 of 3rd period - Shot Misses the Net.
15:23 of 3rd period - Shot by Evgeni Malkin.
15:23 of 3rd period - Shot Misses the Net.
15:25 of 3rd period - Shot by Zdeno Chara.
15:25 of 3rd period - Shot Misses the Net.
16:07 of 3rd period - Shot by David Backes.
16:07 of 3rd period - Stopped by Henrik Lundqvist without a rebound.
16:08 of 3rd period - Jason Spezza wins face-off versus Logan Couture in Canucks zone.
16:14 of 3rd period - Minor Penalty to Marek Zidlicky for Roughing.
16:15 of 3rd period - Jason Spezza wins face-off versus Marcus Kruger in Canucks zone.
16:28 of 3rd period - Shot by Shea Weber.
16:28 of 3rd period - Stopped by Henrik Lundqvist without a rebound.
16:29 of 3rd period - Jason Spezza wins face-off versus Marcus Kruger in Canucks zone.
16:30 of 3rd period - Shot by Zdeno Chara.
16:30 of 3rd period - Shot Misses the Net.
16:32 of 3rd period - Shot by Alec Martinez.
16:32 of 3rd period - Stopped by Henrik Lundqvist with a rebound.
16:34 of 3rd period - Shot by Zdeno Chara.
16:34 of 3rd period - Goal by Zdeno Chara - Canucks : 4 - Stars : 3.
16:35 of 3rd period - David Backes wins face-off versus Logan Couture in neutral zone.
16:40 of 3rd period - Phil Kessel is hit by David Backes and loses puck.
17:17 of 3rd period - Shot by Brandon Dubinsky.
17:17 of 3rd period - Shot Blocked by Erik Karlsson.
17:19 of 3rd period - Shot by Shea Weber.
17:19 of 3rd period - Stopped by Henrik Lundqvist with a rebound.
17:21 of 3rd period - Shot by Shea Weber.
17:21 of 3rd period - Goal by Shea Weber - Canucks : 4 - Stars : 4.
17:22 of 3rd period - Evgeni Malkin wins face-off versus Claude Giroux in neutral zone.
17:29 of 3rd period - Shot by Evgeni Malkin.
17:29 of 3rd period - Deflect By Tyler Seguin.
17:29 of 3rd period - Shot Misses the Net.
18:06 of 3rd period - Shot by Claude Giroux.
18:06 of 3rd period - Stopped by Semyon Varlamov without a rebound.
18:07 of 3rd period - Jason Spezza wins face-off versus Nazem Kadri in Stars zone.
19:13 of 3rd period - Shot by Andrei Markov.
19:13 of 3rd period - Shot Blocked by John Erskine.
19:16 of 3rd period - Icing by Alec Martinez.
19:17 of 3rd period - Jason Spezza wins face-off versus Adam Henrique in Stars zone.
19:34 of 3rd period - Icing by Alex Pietrangelo.
19:35 of 3rd period - David Backes wins face-off versus Claude Giroux in Canucks zone.
19:45 of 3rd period - Minor Penalty to Brenden Dillon for Holding.
19:46 of 3rd period - David Backes wins face-off versus Logan Couture in Stars zone.
Goals for this period are 2 for Canucks vs 3 for Stars.
Shots for this period are 12 for Canucks vs 12 for Stars.

Overtime #1


0:01 of 1st overtime period - David Backes wins face-off versus Adam Henrique in neutral zone.
0:07 of 1st overtime period - Icing by Adam Henrique.
0:08 of 1st overtime period - Adam Henrique wins face-off versus David Backes in Canucks zone.
0:46 of 1st overtime period - Shot by Adam Henrique.
0:46 of 1st overtime period - Stopped by Semyon Varlamov without a rebound.
0:47 of 1st overtime period - David Backes wins face-off versus Marcus Kruger in Stars zone.
1:04 of 1st overtime period - Shot by Marcus Kruger.
1:04 of 1st overtime period - Stopped by Semyon Varlamov without a rebound.
1:05 of 1st overtime period - David Backes wins face-off versus Adam Henrique in Stars zone.
1:16 of 1st overtime period - Shot by Adam Henrique.
1:16 of 1st overtime period - Shot Misses the Net.
2:00 of 1st overtime period - Shot by Tyler Seguin.
2:00 of 1st overtime period - Stopped by Henrik Lundqvist without a rebound.
2:01 of 1st overtime period - Evgeni Malkin wins face-off versus Marcus Kruger in Canucks zone.
3:00 of 1st overtime period - Icing by Andrei Markov.
3:01 of 1st overtime period - Eric Staal wins face-off versus Adam Henrique in Canucks zone.
3:07 of 1st overtime period - Jarome Iginla is hit by Brent Burns and loses puck.
3:12 of 1st overtime period - Shot by Jarome Iginla.
3:12 of 1st overtime period - Shot Misses the Net.
Goals for this period are 0 for Canucks vs 0 for Stars.
Shots for this period are 2 for Canucks vs 1 for Stars.

ShootOut


5:00 of 1st overtime period - Penalty Shot by Claude Giroux for Canucks.
5:00 of 1st overtime period - Goal by Claude Giroux.
5:00 of 1st overtime period - Penalty Shot by Tyler Seguin for Stars.
5:00 of 1st overtime period - Stopped by Henrik Lundqvist.
5:00 of 1st overtime period - Penalty Shot by Logan Couture for Canucks.
5:00 of 1st overtime period - Shot Misses the Net.
5:00 of 1st overtime period - Penalty Shot by Evgeni Malkin for Stars.
5:00 of 1st overtime period - Stopped by Henrik Lundqvist.
5:00 of 1st overtime period - Penalty Shot by Ryan Johansen for Canucks.
5:00 of 1st overtime period - Stopped by Semyon Varlamov.
5:00 of 1st overtime period - Penalty Shot by Jarome Iginla for Stars.
5:00 of 1st overtime period - Goal by Jarome Iginla.
5:00 of 1st overtime period - Penalty Shot by Phil Kessel for Canucks.
5:00 of 1st overtime period - Shot Misses the Net.
5:00 of 1st overtime period - Penalty Shot by Gabriel Landeskog for Stars.
5:00 of 1st overtime period - Shot Misses the Net.
5:00 of 1st overtime period - Penalty Shot by Ryan OReilly for Canucks.
5:00 of 1st overtime period - Goal by Ryan OReilly.
5:00 of 1st overtime period - Penalty Shot by David Backes for Stars.
5:00 of 1st overtime period - Stopped by Henrik Lundqvist.


Output by the SimonT Hockey Simulator (STHS) for Stephane Roy -- Original Page W3C XHTML 1.0 Valid
Hockey Simulator - Hockey Simulation - Hockey Manager